 Dungeon Crawl Stone Soup version 0.30-a0-1018-g25214051b3 (webtiles) character file.

Game seed: 10350956730209239129

357 Pimp the Chiller (level 6, -9/46 HPs)
             Began as a Barachi Ice Elementalist on Apr 6, 2023.
             Mangled by an ogre
             ... wielding a +0 giant club
              (15 damage)
             ... on level 4 of the Dungeon on Apr 7, 2023.
             The game lasted 00:17:04 (2865 turns).

Pimp the Chiller (Barachi Ice Elementalist)         Turns: 2865, Time: 00:17:04

Health: -9/46      AC:  8    Str:  9    XL:     6   Next: 64%
Magic:  19/20      EV: 10    Int: 21    God:
Gold:   349        SH:  0    Dex: 11    Spells: 1/11 levels left

rFire   + . .      SeeInvis +    j - +3 rapier of the Loving Gods {drain, Contam MP+9 SInv}
rCold   + . .      Faith    .    (no shield)
rNeg    . . .      Spirit   .    f - +0 ring mail
rPois   .          Reflect  .    h - +2 hat
rElec   .          Rampage  .    m - +0 cloak
rCorr   .          Clarity  +    (no gloves)
Will    .....                    (no boots)
Stlth   +                        (no amulet)
HPRegen 0.27/turn                i - ring of protection from fire
MPRegen 0.17/turn                l - ring of wizardry

@: invisible, slow
A: amphibious, slowness 1, strong legs 1, +LOS, clarity, clever 1, cold
resistance 1, subdued magic 1
a: Hop


You were on level 4 of the Dungeon.
You visited 1 branch of the dungeon, and saw 4 of its levels.

You collected 547 gold pieces.
You spent 198 gold pieces at shops.

Inventory:

Hand Weapons
 d - a +0 dagger
 g - a +0 long sword of draining
 j - the +3 rapier of the Loving Gods (weapon) {drain, Contam MP+9 SInv}
   (You bought it in a shop on level 1 of the Dungeon)

   MP:        It affects your magic capacity (+9).
   SInv:      It lets you see invisible.
   Contam:    It causes magical contamination when unequipped.
Armour
 a - a +0 robe
 f - a +0 ring mail (worn)
 h - a +2 hat (worn)
 m - a +0 cloak (worn)
Jewellery
 i - a ring of protection from fire (left hand)
 l - a ring of wizardry (right hand)
Wands
 n - a wand of flame (21) (quivered)
Potions
 b - 2 potions of magic
 e - a potion of lignification
 k - a potion of resistance {unknown}
 o - 3 potions of mutation
 p - a potion of berserk rage {unknown}


   Skills:
 + Level 2.5 Fighting
 + Level 2.0(2.3) Short Blades
 - Level 1.6(2.2) Long Blades
 + Level 2.5 Armour
 + Level 3.6 Dodging
 - Level 2.0 Stealth
 + Level 3.3 Spellcasting
 + Level 1.2 Conjurations
 + Level 5.6 Ice Magic


You had one spell level left.
You knew the following spells:

 Your Spells              Type           Power      Damage    Failure   Level
a - Freeze                Ice            84%        1d9       1%          1
b - Ozocubu's Armour      Ice            21%        N/A       3%          3
c - Frozen Ramparts       Ice            42%        1d7       3%          3
d - Hailstorm             Conj/Ice       13%        3d5       9%          3

Your spell library contained the following spells:

 Spells                   Type           Power      Damage    Failure   Level
 Dazzling Flash           Conj/Hex       8%         N/A       28%         3
 Summon Ice Beast         Ice/Summ       11%        N/A       34%         4
 Agony                    Necr           2%         N/A       96%         5
 Silence                  Hex/Air        1%         N/A       96%         5


Dungeon Overview and Level Annotations

Branches:
Dungeon (4/15)
 Temple: D:4-7

Altars:
Elyvilon
Makhleb

Shops:
D:1 (((


Innate Abilities, Weirdness & Mutations

You are amphibious.
You cover ground slowly.
You can hop short distances.
You have an extended range of vision and can be seen from far away.
You possess an exceptional clarity of mind.
Your mind is acute. (Int +4, Str/Dex -1)
Your flesh is cold resistant. (rC+)
Your spells are a little easier to cast, but a little less powerful.


Message History

You hit the adder zombie.
The adder zombie is almost destroyed.
The adder zombie bites you but does no damage.
You hit the adder zombie.
You destroy the adder zombie!
There is an escape hatch in the floor here.
You open the door.
A goblin comes into view. It is wielding a +0 hand axe.
The goblin unwields a +0 hand axe.
The goblin wields a +0 sling.
The goblin shoots a sling bullet.
The sling bullet hits you.
Found a dagger.
An ogre comes into view. It is wielding a +0 giant club.
The ogre shouts!
You hear a shout!
The goblin shoots a sling bullet.
The sling bullet hits you.
There is an open door, spattered with blood here.
Found a pair of gloves.
The goblin shoots a sling bullet.
The sling bullet hits you but does no damage.
The ogre hits you with a +0 giant club!
A goblin comes into view. It is wielding a +0 club.
You puncture the ogre! You drain the ogre.
The ogre is moderately wounded.
The goblin shoots a sling bullet.
The sling bullet hits you but does no damage.
The ogre closely misses you.
There is an open door, spattered with blood here.
Casting: Freeze (safe; 1% risk of failure)
Confirm with . or Enter, or press ? or * to list all spells.
Aiming: Freeze (safe; 1% risk of failure)
Press: ? - help, Shift-Dir - straight line, f - ogre
Aim: an ogre, wielding a +0 giant club (moderately wounded, lightly drained)
You freeze the ogre.
The ogre is moderately wounded.
The ogre hits you with a +0 giant club!!
Ouch! That really hurt!
* * * LOW HITPOINT WARNING * * *
You fade into invisibility!
The goblin shoots a sling bullet.
The sling bullet hits the ogre.
The goblin shoots a sling bullet.
The sling bullet hits the ogre!
The ogre hits you with a +0 giant club!
You die...

..>..
#..................... ....
#..................... .
#.....................
#.....................
#########.............(
#.......#..............
#.......#..............
#.......##+######......
#.....@.........'......
#'#######O####.>....#......
#
.............#......#......
#
.............####.###......
# ............g# #.#
#...... # .....).g......#
#.# #.##### #
[.............###.###.# # #
######'###'##.#.....#.# #
.. .. .#.....#.#


You could see an ogre (unable to see you, drained) and a goblin (unable to see
you).

Vanquished Creatures
  Grinder (D:4)
  An orc priest (D:3)
  An orc wizard (D:3)
  A hound zombie (D:4)
  6 adders
  An adder zombie (D:4)
  8 orcs
  4 ball pythons
  4 bats
  3 endoplasms
  2 giant cockroaches
  4 goblins
  A hobgoblin (D:1)
  A quokka (D:3)
  5 frilled lizards
  4 kobolds
  2 rats
49 creatures vanquished.

Notes
Turn   | Place    | Note
-------+----------+-------------------------------------------
     0 | D:1      | Pimp the Barachi Ice Elementalist began the quest for the
                  | Orb.
     0 | D:1      | Reached XP level 1. HP: 13/13 MP: 3/3
   139 | D:1      | Reached XP level 2. HP: 18/19 MP: 0/5
   357 | D:1      | Found Kyuhov's Weapon Shop.
   403 | D:1      | Reached skill level 5 in Ice Magic
   411 | D:1      | Found Zishruixt's Weapon Emporium.
   457 | D:1      | Found Nyuxzoig's Antique Weapon Emporium.
   793 | D:2      | Reached XP level 3. HP: 19/25 MP: 1/6
   844 | D:2      | Learned a level 3 spell: Ozocubu's Armour
   848 | D:2      | Learned a level 3 spell: Frozen Ramparts
  1440 | D:2      | Gained mutation: You are frail. (-10% HP) [potion of
                  | mutation]
  1440 | D:2      | Gained mutation: You are partially covered in iridescent
                  | scales. (AC +2) [potion of mutation]
  1441 | D:2      | Lost mutation: You are partially covered in iridescent
                  | scales. (AC +2) [potion of mutation]
  1441 | D:2      | Lost mutation: You are frail. (-10% HP) [potion of
                  | mutation]
  1441 | D:2      | Gained mutation: Your spells are a little easier to cast,
                  | but a little less powerful. [potion of mutation]
  1441 | D:2      | Gained mutation: Your mind is acute. (Int +4, Str/Dex -1)
                  | [potion of mutation]
  1441 | D:2      | Gained mutation: You possess an exceptional clarity of
                  | mind. [potion of mutation]
  1441 | D:2      | Gained mutation: Your flesh is cold resistant. (rC+)
                  | [potion of mutation]
  1469 | D:3      | Reached skill level 1 in Armour
  1475 | D:3      | Found a burning altar of Makhleb.
  1562 | D:3      | Reached skill level 1 in Fighting
  1564 | D:3      | Reached XP level 4. HP: 32/32 MP: 4/8
  1607 | D:3      | Reached skill level 1 in Long Blades
  1729 | D:3      | Found a white marble altar of Elyvilon.
  1758 | D:3      | Reached XP level 5. HP: 38/38 MP: 6/9
  2222 | D:4      | Identified a scroll of acquirement
  2222 | D:4      | Acquired 305 gold pieces
  2386 | D:1      | Bought a fine rapier for 198 gold pieces
  2386 | D:1      | Identified the +3 rapier of the Loving Gods {drain, Contam
                  | MP+9 SInv} (You bought it in a shop on level 1 of the
                  | Dungeon)
  2507 | D:4      | Learned a level 3 spell: Hailstorm
  2509 | D:4      | Noticed Grinder
  2518 | D:3      | Upgraded the game from 0.30-a0-1016-gfb0d676c02 to
                  | 0.30-a0-1018-g25214051b3
  2546 | D:4      | Killed Grinder
  2547 | D:4      | Reached skill level 1 in Short Blades
  2547 | D:4      | Reached skill level 1 in Conjurations
  2547 | D:4      | Reached XP level 6. HP: 35/46 MP: 10/10
  2732 | D:4      | Identified the +8 chain mail of Egalitarianism {+Blink
                  | Slay+3}
  2865 | D:4      | Mangled by an ogre

Illustrated notes

Levels and vault maps discovered:
D:1:      spicycebolla_green_bress_n_ham_2, layout_basic, serial_shops,
          shop_coins, shop, nicolae_shop_hallway_plus
D:2:      layout_basic
D:3:      layout_basic, mainiacjoe_overflow_catch_the_wave,
          minmay_misc_feat_more_columns, grunt_decor_mini_mirrors,
          interstate_on_off
D:4:      layout_gridville, lemuel_zombie_altar_yredelemnul, minmay_mini_jars,
          uniq_crazy_yiuf_cottage, uniq_grinder, uniq_eustachio, uniq_ijyb

Skill      XL: |  1  2  3  4  5  6 |
---------------+-------------------+-----
Stealth        | 2 |  2.0
Ice Magic      | 5 |  5.6
Armour         | 1 2 |  2.5
Fighting       | 1 2 |  2.5
Long Blades    | 1 |  1.6
Dodging        | 3 |  3.6
Spellcasting   | 3 |  3.3
Short Blades   | 1 2 |  2.0
Conjurations   | 1 |  1.2

Action                     |  1- 3 |  4- 6 || total
---------------------------+-------+-------++-------
  Melee: Dagger            |     6 |       ||     6
         Long sword        |     7 |    28 ||    35
         Rapier            |       |    26 ||    26
   Cast: Freeze            |    29 |    10 ||    39
         Frozen Ramparts   |     1 |     2 ||     3
         Ozocubu's Armour  |       |     1 ||     1
  Evoke: Wand              |       |     8 ||     8
    Use: Scroll            |     9 |     2 ||    11
         Potion            |     2 |     1 ||     3
 Armour: Robe              |    15 |       ||    15
         Ring mail         |       |    31 ||    31
  Dodge: Dodged            |    31 |    35 ||    66

Table legend: (Time is in decaauts)
 A = Elapsed time spent in this place.
 B = Non-inter-level travel time spent in this place.
 C = Inter-level travel time spent in this place.
 D = Time resting spent in this place.
 E = Time spent auto-exploring this place.
 F = Levels seen in this place.
 G = Mean time per level.
                   A        B        C        D        E       F      G
               +--------+--------+--------+--------+--------+-----+--------+
         Total |   3314 |   2928 |    386 |    216 |   2043 |   4 |  828.5 |
       Dungeon |   3314 |   2928 |    386 |    216 |   2043 |   4 |  828.5 |
               +--------+--------+--------+--------+--------+-----+--------+

Top non-repeatable levels by time:
     D:1: 1055 daAuts
     D:3: 981 daAuts
     D:2: 861 daAuts
     D:4: 416 daAuts
